 Dungeon Crawl Stone Soup version 0.28-a0-203-gf40de95187 (console) character file.

Game seed: 564983187002170326

12 FIQ the Skirmisher (level 2, 24/24 HPs)
             Began as a Demonspawn Berserker on Aug 20, 2021.
             Was a Follower of Trog.
             Got out of the dungeon alive.
             The game lasted 00:00:32 (760 turns).

FIQ the Skirmisher (Demonspawn Berserker)            Turns: 760, Time: 00:00:32

Health: 24/24      AC:  2    Str: 17    XL:     2   Next: 20%
Magic:  2/2        EV: 12    Int:  8    God:    Trog [*.....]
Gold:   35         SH:  0    Dex: 12    Spells: 1/1 levels left

rFire   . . .      SeeInvis .   a - +0 spear
rCold   . . .      Faith    .   (no shield)
rNeg    . . .      Spirit   .   b - +0 animal skin
rPois   .          Reflect  .   (no helmet)
rElec   .          Harm     .   (no cloak)
rCorr   .          Rampage  .   (no gloves)
Will    .....                   (no boots)
Stlth   +.........              (no amulet)
HPRegen 0.08/turn               (no ring)
MPRegen 0.08/turn               (no ring)

@: no status effects
A: spiny 1
a: Renounce Religion, Berserk


You escaped.
You worshipped Trog.
Trog was aware of your devotion.
You visited 1 branch of the dungeon, and saw 1 of its levels.

You collected 35 gold pieces.

Inventory:

Hand Weapons
 a - a +0 spear (weapon)
Armour
 b - a +0 animal skin (worn)
Scrolls
 c - a scroll of enchant armour {unknown}
 e - a scroll of blinking {unknown}
Potions
 d - a potion of magic {unknown}


   Skills:
 + Level 3.1 Fighting
 + Level 2.8 Polearms
 + Level 2.0 Armour
 + Level 2.0 Dodging


You had one spell level left.
You didn't know any spells.
Your spell library was empty.

Dungeon Overview and Level Annotations

Branches:
Dungeon (1/15)

Altars:


Innate Abilities, Weirdness & Mutations

You are partially covered in sharp spines.


Message History

An endoplasm comes into view.
The endoplasm quivers.
There is an open door here.
An endoplasm is nearby!
An endoplasm is nearby!
You hit the endoplasm.
You kill the endoplasm!
Trog accepts your kill.
No target in view!
No target in view!
No target in view!
No target in view!
No target in view!
No target in view!
No target in view!
There is an open door here.
Key pressed, stopping explore.
There is an open door here.
You open the door.
There is an open door here.
Things that are here:
a +0 club; a goblin skeleton
Items here: )) ÷÷.
Done exploring.
Done exploring.
Done exploring.
No target in view!
Done exploring.
Done exploring.
Done exploring.
Search for what [? for help]? armo Search for what [Enter for "armo", or ? for help]? mele Done exploring.
Done exploring.
Done exploring.
There is an open door here.
There is an open door here.
There is a staircase leading out of the dungeon here.
Are you sure you want to leave the Dungeon?
This will make you lose the game!
You have escaped!

.......# #.....# #.# .......####
#.....# #.#########
.......)).###.....# #.##......#
.....####..##.....# #.##......#
.............#+#### #.##......###
.......###...#.# #.##......'..
...#...# ##....# #.##......###
...#...# #.###### #.##.........
...##### #.####@####.##........#
######## #.##>#.#.##.##......###
#......# #.#♣.....♣#.######.....
#......# #.#≈♣...♣≈#.# ######
#......####.#≈≈♣.♣≈≈#.#
#...........#≈≈♣.♣≈≈#.#
............##≈♣.♣≈##.# ########
....##......####'####.# #.......
....#.......'....###..####.......


There were no monsters in sight!

Vanquished Creatures
  2 endoplasms (D:1)
  2 goblins (D:1)
  A hobgoblin (D:1)
  A kobold (D:1)
  A quokka (D:1)
  2 ball pythons (D:1)
  A rat (D:1)
10 creatures vanquished.

Notes
Turn   | Place    | Note
-------+----------+-------------------------------------------
     0 | D:1      | FIQ the Demonspawn Berserker began the quest for the Orb.
     0 | D:1      | Reached XP level 1. HP: 18/18 MP: 1/1
   202 | D:1      | Found a faded altar of an unknown god.
   353 | D:1      | Gained mutation: You are partially covered in sharp spines.
                  | [demonic ancestry]
   353 | D:1      | Reached XP level 2. HP: 19/24 MP: 2/2
   760 | D:$      | Got out of the dungeon alive.

Illustrated notes

Levels and vault maps discovered:
D:1:      saegor_arrival_simple_d, layout_basic,
          ebering_ecumenical_altar_sacrificial, minmay_misc_feat_tower

Skill      XL: |  1 |
---------------+----+-----
Armour         | 2 |  2.0
Dodging        | 2 |  2.0
Fighting       | |  3.1
Polearms       | |  2.8

Action                   || total
-------------------------++-------
Melee: Spear             ||    23
Invok: Berserk           ||     2
Armor: Animal skin       ||     2
Dodge: Dodged            ||     8

Table legend: (Time is in decaauts)
 A = Elapsed time spent in this place.
 B = Non-inter-level travel time spent in this place.
 C = Inter-level travel time spent in this place.
 D = Time resting spent in this place.
 E = Time spent auto-exploring this place.
 F = Levels seen in this place.
 G = Mean time per level.
                   A        B        C        D        E       F      G
               +--------+--------+--------+--------+--------+-----+--------+
         Total |    780 |    741 |     39 |      0 |    687 |   1 |  780.0 |
       Dungeon |    780 |    741 |     39 |      0 |    687 |   1 |  780.0 |
               +--------+--------+--------+--------+--------+-----+--------+

Top non-repeatable levels by time:
     D:1: 780 daAuts
